 Dungeon Crawl Stone Soup version 0.17-a0-1186-gbffdd7f (webtiles) character file.

27 Cryogen the Cudgeler (level 3, 0/35 HPs)
             Began as an Ogre Berserker on June 1, 2015.
             Was a Believer of Trog.
             Succumbed to an adder's poison
             ... on level 1 of the Dungeon.
             The game lasted 00:05:04 (1051 turns).

Cryogen the Cudgeler (Ogre Berserker)               Turns: 1051, Time: 00:05:04

Health: 0/35       AC:  3    Str: 22    XL:     3   Next: 10%
Magic:  3/3        EV: 10    Int:  6    God:    Trog [**....]
Gold:   3          SH:  0    Dex: 10    Spells: 0 memorised, 2 levels left

rFire  . . .     SeeInvis .     a - +0 mace
rCold  . . .     Clarity  .     b - +0 animal skin
rNeg   . . .     SustAt   .     (no shield)
rPois  .         Gourm    .     (helmet restricted)
rElec  .         Spirit   .     (no cloak)
rCorr  .         Warding  .     (gloves unavailable)
rMut   .         Stasis   .     (boots unavailable)
MR     .....                    (no amulet)
Stlth  +.........               (no ring)
                                (no ring)

@: lethally poisoned (0 -> -13), not resistant to hostile enchantments, very
unstealthy
A: unfitting armour, antennae 1, talons 1, frail 1, tough skin 1
a: Burn Spellbooks, Berserk, Trog's Hand, Renounce Religion


You were on level 1 of the Dungeon.
You worshipped Trog.
Trog was pleased with you.
You were not hungry.

You visited 1 branch of the dungeon, and saw 2 of its levels.

You collected 3 gold pieces.

Inventory:

Hand weapons
 a - a +0 mace (weapon)
Armour
 b - a +0 animal skin (worn)
Scrolls
 e - a scroll of identify {unknown}
 i - a scroll of remove curse {unknown}
Potions
 d - a potion of cure mutation
Comestibles
 c - a bread ration
 g - a slice of pizza
 h - a royal jelly


   Skills:
 + Level 4.2 Fighting
 * Level 4.8 Maces & Flails
 * Level 3.1 Dodging


You had 2 spell levels left.
You didn't know any spells.

Dungeon Overview and Level Annotations

Branches:
Dungeon (2/15)

Altars:


Innate Abilities, Weirdness & Mutations

You are too large for most types of armour.
You have tough skin (AC +1).
You have a pair of small antennae on your head.
You have sharp toenails.
You are frail (-10% HP).


Message History

The adder poisons you!
You miss the adder.
The adder is lightly wounded.
You feel sick. The giant gecko bites you.
* * * LOW HITPOINT WARNING * * *
The adder bites you.
* * * LOW HITPOINT WARNING * * *
You are more poisoned.
The adder poisons you!
It was a potion of cure mutation.
It has a very clean taste.
* * * LOW HITPOINT WARNING * * *
You feel sick. The adder bites you.
* * * LOW HITPOINT WARNING * * *
The giant gecko barely misses you. The adder bites you.
* * * LOW HITPOINT WARNING * * *
The giant gecko closely misses you.
It was a potion of mutation.
You feel extremely strange.
You feel frail.
Your toenails lengthen and sharpen.
A pair of antennae grows on your head!
You die...

#..# #.# #######
#...#########. #..# #.#
#............. #..# #.#
#...#########. #..# #.#
##### #.
#..###.########### #.
#..##............# #.
#..#...#########.# #.
#...#...## #S# #.
.[.....#.# #@# #.
#...##..## #l# #.
#.......# #.# #.
#..##.#.# #.####### #.
#..##############......#
#. #..#
##....#...######.# #.
...# ##...........## #.#
#.
#.####...#..<..#...###.#
##
..###...###...###...##.#


You could see an adder and a giant gecko.

Vanquished Creatures
  An ooze (D:1)
  3 hobgoblins (D:1)
  3 bats (D:1)
  A giant newt (D:1)
  4 goblins (D:1)
  7 kobolds (D:1)
  3 rats (D:1)
22 creatures vanquished.

Notes
Turn   | Place    | Note
--------------------------------------------------------------
     0 | D:1      | Cryogen the Ogre Berserker began the quest for the Orb.
     0 | D:1      | Reached XP level 1. HP: 24/24 MP: 1/1
   185 | D:1      | Reached XP level 2. HP: 16/32 MP: 2/2
   876 | D:1      | Reached XP level 3. HP: 39/39 MP: 3/3
   882 | D:1      | Acquired Trog's second power
  1050 | D:1      | HP: 1/39 [adder (2)]
  1051 | D:1      | Gained mutation: You are frail (-10% HP). [potion of mutation]
  1051 | D:1      | Gained mutation: You have sharp toenails. [potion of mutation]
  1051 | D:1      | Gained mutation: You have a pair of small antennae on your head. [potion of mutation]
  1051 | D:1      | Succumbed to an adder's poison

Vault maps used:
D:1:      dpeg_chamrin_arrival_tetris
D:2:      grunt_qazlal_clouds, lemuel_doored_altar

Action                   || total
-------------------------++-------
Melee: Mace              ||    69
  Use: Potion            ||     2
